 Dungeon Crawl Stone Soup version 0.25-a0-566-g062765be81 (webtiles) character file.

Game seed: 12114530160780846272, levelgen mode: deterministic

11853 MisterFreud the Grappler (level 11, -12/166 HPs)
             Began as a Troll Hunter on Feb 27, 2020.
             Was a Follower of Wu Jian.
             Mangled by Snorg (21 damage)
             ... on level 9 of the Dungeon.
             The game lasted 00:15:36 (8841 turns).

MisterFreud the Grappler (Troll Hunter)             Turns: 8841, Time: 00:15:38

Health: -12/166    AC: 25    Str: 25    XL:     11   Next: 54%
Magic:  10/10      EV:  1    Int:  7    God:    Wu Jian [*.....]
Gold:   375        SH:  0    Dex: 10    Spells: 10/10 levels left

rFire    + . .     SeeInvis +     - Unarmed
rCold    x . .     Gourm    +   (no shield)
rNeg     + + +     Faith    .   (armour currently unavailable)
rPois    +         Spirit   .   (helmet currently unavailable)
rElec    .         Reflect  .   (cloak currently unavailable)
rCorr    .         Harm     .   (gloves unavailable)
MR       .....     NoTele   +   (boots unavailable)
Stlth    +.........             B - amulet of the acrobat
HPRegen  0.77/turn              o - ring of see invisible
MPRegen  0.12/turn              D - ring of fire

@: tree-form
A: large, unfitting armour, fast metabolism 3, gourmand, regeneration 1
a: Renounce Religion


You were on level 9 of the Dungeon.
You worshipped Wu Jian.
Wu Jian was aware of your devotion.
You were very full.
You were a tree.
You visited 2 branches of the dungeon, and saw 11 of its levels.

You collected 648 gold pieces.
You spent 273 gold pieces at shops.

Inventory:

Hand Weapons
 K - a +4 scimitar of flaming
Missiles
 c - 9 large rocks (quivered)
 d - 3 throwing nets
 l - 2 silver javelins
 x - 32 poisoned darts
 A - 18 boomerangs
 L - 6 curare-tipped darts
Armour
 b - a +0 robe (melded)
 v - a +0 cloak (melded)
Jewellery
 o - a ring of see invisible (left branch)
 B - an amulet of the acrobat (around neck)
 D - a ring of fire (right branch)
 G - an uncursed amulet of faith
Wands
 q - a wand of random effects (5)
 C - a wand of iceblast (4)
Scrolls
 e - 4 scrolls of amnesia
 g - 4 scrolls of fog
 h - a scroll of fear
 i - 4 scrolls of remove curse
 y - 4 scrolls of teleportation
 E - 2 scrolls of enchant armour
Potions
 a - a potion of magic
 j - 2 potions of haste
 k - a potion of resistance
 m - a potion of invisibility {unknown}
 n - a potion of heal wounds {unknown}
 p - a potion of flight {unknown}
 r - 4 potions of lignification
 s - 8 potions of curing
 t - a potion of mutation {unknown}
 u - 4 potions of stabbing
 w - a potion of brilliance {unknown}
 z - 3 potions of might
 F - a potion of berserk rage
 I - a potion of ambrosia {unknown}
 M - a potion of degeneration {unknown}
Comestibles
 f - 28 rations


   Skills:
 - Level 8.0 Fighting
 - Level 6.0 Throwing
 - Level 8.1 Dodging
 - Level 0.3 Stealth
 + Level 11.8 Unarmed Combat


You had 10 spell levels left.
You didn't know any spells.
Your spell library contained the following spells:

 Spells                   Type           Power        Failure   Level  Hunger
 Animate Skeleton         Necr           N/A          43%         1    ##.....
 Apportation              Tloc           #.....       43%         1    ##.....
 Corona                   Hex            #......      43%         1    ##.....
 Summon Small Mammal      Summ           #...         43%         1    ##.....


Dungeon Overview and Level Annotations

Branches:
Dungeon (10/15)            Temple (1/1) D:4             Orc (0/2) D:9
   Lair: D:8-11

Altars:
Ashenzari
Cheibriados
Dithmenos
Elyvilon
Fedhas
Gozag
Hepliaklqana
Kikubaaqudgha
Nemelex Xobeh
Okawaru
Qazlal
Ru
Sif Muna
Trog
Uskayaw
Vehumet
Wu Jian
Xom
Yredelemnul
Zin
The Shining One

Shops:
D:7 *   D:8 }

Annotations:
D:6 4 runed translucent doors
D:9 Snorg


Innate Abilities, Weirdness & Mutations

You are too large for most types of armour.
((You have claws for hands.))
Your metabolism is lightning-fast.
You like to eat raw meat.
Your natural rate of healing is unusually fast.
((You are covered in fur. (AC +1)))
((You have extremely tough skin. (AC +3)))


Message History

Snorg bites you but does no damage. Snorg claws you. Snorg claws you!
* * * LOW HITPOINT WARNING * * *
You smack Snorg!
Snorg is severely wounded.
Snorg bites you but does no damage. Snorg claws you!
* * * LOW HITPOINT WARNING * * *
Snorg claws you!
* * * LOW HITPOINT WARNING * * *
You smack Snorg!
Snorg is severely wounded.
Snorg bites you but does no damage. Snorg claws you but does no damage.
Snorg claws you!
* * * LOW HITPOINT WARNING * * *
You smack Snorg!
Snorg is almost dead.
Snorg bites you but does no damage. Snorg claws you but does no damage.
Snorg claws you.
* * * LOW HITPOINT WARNING * * *
Snorg bites you!!
You die...

###.####### #.## .....##...# #.#
#######...####################.#
...........#...................##
#######....#.#################.#.
#....#.#.....####.......(#.
#....#.#.###...##.######.#.
####....#.#..####.##.# ####.#.
#............♣T...##.###....##
#######.#..............#.####
#.#.##########.#.....#
###......#.......#.#.#.# ##
#####.....##.#...#.....#.#.###
.###...#.######.#.........#.#....
.....#.#.# #.#..##.#####.#####
.....#.#.######.#.)<#.).....#
#...##.#......#.##.##..######


You could see Snorg (berserk).

Vanquished Creatures
  A hydra (D:8)
  Harold (D:7)
  Erica (D:9)
  2 two-headed ogres
  Psyche (D:8)
  A centaur skeleton (D:9)
  A troll (D:9)
  2 dream sheep (D:8)
  A shadow (D:6)
  2 wyverns
  14 yaks
  Edmund (D:5)
  6 orc warriors
  A sky beast (D:7)
  A necrophage (D:9)
  An ice beast (D:7)
  2 phantoms
  5 ogres
  3 centaurs
  5 big kobolds
  3 bullfrogs
  2 scorpions
  9 killer bees
  4 wights (D:9)
  A howler monkey (D:5)
  An electric eel (D:9)
  3 crimson imps
  3 centaur zombies
  A quasit (D:10)
  3 hounds
  A jelly (D:9)
  7 orc priests
  Crazy Yiuf (D:2)
  2 bullfrog skeletons (D:7)
  2 iguanas
  Terence (D:2)
  10 orc wizards
  Natasha (thrice) (D:2)
  5 worker ants
  2 hound zombies
  Robin (D:2)
  A worker ant zombie (D:7)
  6 gnolls
  11 adders
  A shadow imp (D:9)
  An ooze (D:3)
  An adder skeleton (D:4)
  A worm (D:2)
  6 dart slugs
  6 leopard geckos
  34 orcs
  3 ball pythons
  5 bats
  6 giant cockroaches
  19 goblins
  14 hobgoblins
  4 jackals (D:2)
  2 quokkas
  8 frilled lizards
  A jackal skeleton (D:4)
  22 kobolds
  A leopard gecko skeleton (D:5)
  13 rats
283 creatures vanquished.

Notes
Turn   | Place    | Note
-------+----------+-------------------------------------------
     0 | D:1      | MisterFreud the Troll Hunter began the quest for the Orb.
     0 | D:1      | Reached XP level 1. HP: 19/19 MP: 0/0
   152 | D:1      | Reached skill level 1 in Unarmed Combat
   237 | D:1      | Reached XP level 2. HP: 27/27 MP: 1/1
   265 | D:1      | Reached skill level 2 in Unarmed Combat
   449 | D:1      | Found a hazy altar of Hepliaklqana.
   457 | D:1      | Found a shimmering altar of Xom.
   457 | D:1      | Found a blossoming altar of Fedhas.
   459 | D:1      | Found a basalt altar of Yredelemnul.
   459 | D:1      | Found a shattered altar of Ashenzari.
   459 | D:1      | Found a shimmering altar of Xom.
   530 | D:1      | Reached XP level 3. HP: 31/33 MP: 2/2
   701 | D:1      | Reached skill level 3 in Unarmed Combat
  1136 | D:2      | Found a runed translucent door.
  1137 | D:2      | Noticed Crazy Yiuf
  1174 | D:2      | Noticed Natasha
  1174 | D:2      | Noticed Terence
  1196 | D:2      | Killed Natasha
  1203 | D:2      | Killed Terence
  1203 | D:2      | Reached skill level 4 in Unarmed Combat
  1203 | D:2      | Reached XP level 4. HP: 18/41 MP: 3/3
  1240 | D:2      | Noticed Natasha
  1252 | D:2      | Killed Natasha
  1285 | D:2      | Noticed Natasha
  1296 | D:2      | Killed Natasha
  1296 | D:2      | Reached XP level 5. HP: 45/48 MP: 4/4
  1513 | D:2      | Noticed Robin
  1527 | D:2      | Killed Robin
  1527 | D:2      | Reached skill level 5 in Unarmed Combat
  2183 | D:2      | Paralysed by Crazy Yiuf for 3 turns
  2192 | D:2      | Killed Crazy Yiuf
  2310 | D:3      | Reached XP level 6. HP: 55/55 MP: 5/5
  2322 | D:3      | Reached skill level 6 in Unarmed Combat
  2666 | D:3      | Found a shattered altar of Ashenzari.
  2900 | D:3      | Found a faded altar of an unknown god.
  3139 | D:4      | Reached skill level 7 in Unarmed Combat
  3232 | D:4      | Reached XP level 7. HP: 38/62 MP: 6/6
  3264 | D:4      | Found a shimmering blue altar of Sif Muna.
  3465 | D:4      | Reached skill level 8 in Unarmed Combat
  3469 | D:4      | HP: 2/62 [ogre/+0 giant club (10)]
  3757 | D:4      | Found a stormy altar of Qazlal.
  3757 | D:4      | Found a white marble altar of Elyvilon.
  3847 | D:4      | Found a staircase to the Ecumenical Temple.
  3990 | D:5      | Entered Level 5 of the Dungeon
  4005 | D:5      | Noticed Edmund
  4018 | D:5      | Killed Edmund
  4018 | D:5      | Reached XP level 8. HP: 59/78 MP: 7/7
  4771 | D:6      | Reached skill level 5 in Fighting
  4819 | D:6      | Noticed a +0 dagger
  4820 | D:6      | Noticed a +0 dagger
  4823 | D:6      | Found a hide-covered altar of Uskayaw.
  5056 | D:6      | Found a large runed translucent door.
  5056 | D:6      | Found a large runed translucent door.
  5199 | D:6      | Found a large runed translucent door.
  5199 | D:6      | Found a large runed translucent door.
  5245 | D:6      | Reached skill level 5 in Throwing
  5271 | D:6      | Reached XP level 9. HP: 62/89 MP: 8/8
  5611 | D:7      | Found Panaorhiqu's General Store.
  5614 | D:7      | Bought a potion of berserk rage for 70 gold pieces
  5614 | D:7      | Bought a potion of lignification for 42 gold pieces
  5614 | D:7      | Bought a scroll of enchant armour for 105 gold pieces
  5614 | D:7      | Bought a potion of might for 56 gold pieces
  5622 | D:7      | Found an iron altar of Okawaru.
  5738 | D:7      | Noticed Harold
  5750 | D:7      | Killed Harold
  5750 | D:7      | Reached skill level 5 in Dodging
  6062 | D:7      | Found a glowing silver altar of Zin.
  6086 | D:8      | Found Alutamoec's Gadget Shoppe.
  6148 | D:8      | Reached XP level 10. HP: 38/98 MP: 9/9
  6407 | D:8      | Noticed Psyche
  6451 | D:8      | Killed Psyche
  6792 | D:8      | Noticed a two-headed hydra
  6804 | D:8      | Killed an eight-headed hydra
  6804 | D:8      | Reached skill level 9 in Unarmed Combat
  6991 | D:8      | Found an opulent altar of Gozag.
  6992 | D:8      | Found a sparkling altar of Nemelex Xobeh.
  7309 | Temple   | Entered the Ecumenical Temple
  7342 | Temple   | Became a worshipper of the Wu Jian Council
  7453 | D:9      | Noticed a two-headed ogre
  7455 | D:9      | Killed a two-headed ogre
  7555 | D:9      | Reached XP level 11. HP: 102/109 MP: 10/10
  7835 | D:9      | Reached skill level 10 in Unarmed Combat
  7970 | D:9      | Noticed Erica
  7976 | D:9      | Killed Erica
  8407 | D:9      | Reached * piety under Wu Jian
  8443 | D:9      | Reached skill level 11 in Unarmed Combat
  8549 | D:9      | Found a staircase to the Orcish Mines.
  8805 | D:10     | Entered Level 10 of the Dungeon
  8805 | D:10     | Noticed a two-headed ogre
  8810 | D:10     | Noticed Snorg
  8820 | D:10     | Killed a two-headed ogre
  8841 | D:9      | Mangled by Snorg

Levels and vault maps discovered:
D:1:      lightli_arrival_farm, layout_basic, st_stairs_14, doesnt_xom_only_xom
D:2:      minmay_razor_zed, layout_basic, serial_bayou_pond_c,
          minmay_pentomino_p2, uniq_natasha, uniq_terence, uniq_robin,
          uniq_crazy_yiuf_cottage
D:3:      layout_loops_ring, first_ration, chequers_ecumenical_altar_twisty,
          evilmike_ruin_ashenzari
D:4:      layout_basic, nicolae_overflow_crystal_walls,
          gammafunk_temple_overflow_wave, minmay_temple_entry_offerings
D:5:      cheibrodos_thug_alley, layout_basic, uniq_edmund
D:6:      layout_rooms, dancing_weapons_uskayaw, minmay_hollow_rounded_squares
D:7:      layout_rooms, kennysheep_mini, old_standard_altar, serial_shops,
          nicolae_shop_trees, uniq_harold
D:8:      layout_rooms, grunt_temple_overflow_opulence, serial_shops,
          shop_coins, hangedman_ranch [blue_anna_fruit_fields], uniq_psyche
D:9:      layout_basic, erik_orc_2, serial_curves, eino_curves_04,
          eino_curves_01, nrook_campfire, uniq_erica
D:10:     layout_rooms, minmay_lair_entry_lava, basic_altar,
          kennysheep_island_fort, uniq_snorg
Temple:   minmay_temple_bridge_abc

Skill      XL: |  1  2  3  4  5  6  7  8  9 10 11 |
---------------+----------------------------------+-----
Unarmed Combat | 1 2 4 5 7 8 9 11 | 11.8
Fighting       | 3 6 7 8 |  8.0
Throwing       | 5 6 |  6.0
Dodging        | 6 8 |  8.1
Stealth        | |  0.3

Action                   |  1- 3 |  4- 6 |  7- 9 | 10-12 || total
-------------------------+-------+-------+-------+-------++-------
Melee: Unarmed           |   101 |   264 |   285 |   313 ||   963
       Punch             |     1 |       |     8 |    15 ||    24
Invok: Lunge             |       |       |       |     8 ||     8
       Whirlwind         |       |       |       |     2 ||     2
Evoke: Wand              |       |       |       |    16 ||    16
  Use: Scroll            |       |       |    12 |     6 ||    18
       Potion            |       |       |       |     3 ||     3
 Stab: Sleeping          |     1 |       |       |     2 ||     3
  Eat: Chunk             |    11 |    23 |    26 |    25 ||    85
Armor: Robe              |    38 |    89 |    56 |    58 ||   241
       Skin              |       |       |       |    10 ||    10
Dodge: Dodged            |    54 |   131 |   153 |   198 ||   536

Table legend:
 A = Non-vault XP
 B = Vault XP
 C = Vault XP percentage of total XP
 D = Non-vault monster count
 E = Vault monster count
 F = Vault count percentage of total count
                 A         B        C        D         E       F
            +---------+---------+-------+---------+---------+-------
      Total |   10464 |    6469 |  38.2 |     207 |      76 |  26.9
            +---------+---------+-------+---------+---------+-------
        D:1 |      52 |       3 |   5.5 |      27 |       3 |  10.0
        D:2 |     111 |     190 |  63.1 |      20 |      26 |  56.5
        D:3 |     219 |       0 |   0.0 |      35 |       0 |   0.0
        D:4 |     644 |       0 |   0.0 |      22 |       0 |   0.0
        D:5 |     286 |     288 |  50.2 |       9 |      10 |  52.6
        D:6 |     581 |     591 |  50.4 |      19 |       8 |  29.6
        D:7 |     687 |     992 |  59.1 |      15 |       1 |   6.2
        D:8 |    2409 |    2678 |  52.6 |      29 |       9 |  23.7
        D:9 |    4063 |    1727 |  29.8 |      27 |      19 |  41.3
       D:10 |    1412 |       0 |   0.0 |       4 |       0 |   0.0
            +---------+---------+-------+---------+---------+-------
